 Dungeon Crawl Stone Soup version 0.29-a0-541-gaf1fc19f1b (webtiles) character file.

Game seed: 14788321814811042162

75397 MechDurjaeses the Blocker (level 15, -13/120 HPs)
             Began as a Gnoll Fighter on June 3, 2022.
             Was a High Priest of Cheibriados.
             Killed from afar by Nikola (28 damage)
             ... with an arc of chain lightning
             ... on level 3 of the Snake Pit.
             The game lasted 01:54:05 (25510 turns).

MechDurjaeses the Blocker (Gnoll Fighter)          Turns: 25510, Time: 01:54:05

Health: -13/120    AC: 25    Str: 34    XL:     15   Next: 50%
Magic:  0/29       EV: 18    Int: 25    God:    Cheibriados [*****.]
Gold:   379        SH: 21    Dex: 25    Spells: 13/34 levels left

rFire   + + .      SeeInvis .   g - +7 spear "Acuor" {freeze, Fragile rCorr Str+8 Int-5}
rCold   + + .      Faith    .   h - +1 tower shield {AC+3}
rNeg    + + +      Spirit   +   Y - +0 swamp dragon scales
rPois   +          Reflect  .   c - +1 helmet {Int+3}
rElec   +          Harm     .   t - +2 cloak
rCorr   +          Rampage  .   N - +2 pair of gloves
Will    +....                   u - +1 pair of boots {Stlth+}
Stlth   +++++.....              j - amulet of guardian spirit
HPRegen 0.30/turn               X - ring "Weoceizi" {Fly rC+ rN+++ rCorr Str-2}
MPRegen 0.21/turn               F - ring of Disaster {rF+ Slay+4}

@: resistant, flying, very slow
A: fangs 1, strong nose, distributed training, weak 2
a: Renounce Religion, Bend Time, Temporal Distortion, Slouch, Step From Time


You were on level 3 of the Snake Pit.
You worshipped Cheibriados.
Cheibriados was extremely pleased with you.
You visited 6 branches of the dungeon, and saw 21 of its levels.
You also visited: Sewer, Ossuary and Ice Cave.

You collected 1661 gold pieces.
You spent 1282 gold pieces at shops.

Inventory:

Hand Weapons
 g - the +7 spear "Acuor" (weapon) {freeze, Fragile rCorr Str+8 Int-5}
   (You found it on level 3 of the Dungeon)

   It freezes those it strikes, dealing additional cold damage.
   It can also slow down cold-blooded creatures.
   Str:       It affects your strength (+8).
   Int:       It affects your intelligence (-5).
   rCorr:     It protects you from acid and corrosion.
   Fragile:   It will be destroyed if unequipped.
 m - the +3 great mace of Excruciating Pain {venom, Str+3 Int+3}
   (You took it off a naga mage on level 3 of the Snake Pit)

   It poisons the flesh of those it strikes.
   Str:       It affects your strength (+3).
   Int:       It affects your intelligence (+3).
 D - a +3 halberd
 L - a +3 great sword of holy wrath
Missiles
 p - a throwing net
 x - 49 poisoned darts
 W - 2 silver boomerangs
Armour
 c - a +1 helmet of intelligence (worn)
 h - a +1 tower shield of protection (worn)
 t - a +2 cloak (worn)
 u - a +1 pair of boots of stealth (worn)
 N - a +2 pair of gloves (worn)
 Q - a scarf of repulsion
 T - the +15 Maxwell's patent armour {-Cast -Tele rElec Will+ rCorr}
   (You acquired it on level 2 of the Lair of Beasts)

   rElec:     It insulates you from electricity.
   -Cast:     It prevents spellcasting.
   -Tele:     It prevents most forms of teleportation.
   rCorr:     It protects you from acid and corrosion.
   Will:      It increases your willpower.
 V - a +0 troll leather armour
 Y - +0 swamp dragon scales (worn)
Magical Staves
 s - a staff of poison
 S - a staff of air
Jewellery
 f - a +6 ring of strength
 j - an amulet of guardian spirit (around neck)
 n - a ring of flight
 z - a ring of wizardry
 F - the ring of Disaster (right hand) {rF+ Slay+4}
   (You found it on level 3 of the Lair of Beasts)

   [ring of slaying]

   Slay:      It affects your accuracy & damage with ranged weapons and melee
   (+4).
   rF:        It protects you from fire.
 K - a ring of resist corrosion
 O - a ring of poison resistance
 U - a ring of wizardry
 X - the ring "Weoceizi" (left hand) {Fly rC+ rN+++ rCorr Str-2}
   (You bought it in a shop on level 2 of the Orcish Mines)

   [ring of resist corrosion]

   Str:       It affects your strength (-2).
   rC:        It protects you from cold.
   rN:        It renders you almost immune to negative energy.
   Fly:       It grants you flight.
   rCorr:     It protects you from acid and corrosion.
Wands
 a - a wand of mindburst (5)
 I - a wand of charming (9)
Scrolls
 i - a scroll of enchant weapon
 o - 3 scrolls of immolation
 q - 4 scrolls of amnesia
 r - 2 scrolls of teleportation
 C - a scroll of poison
 G - 2 scrolls of silence
 J - a scroll of fog
 M - 4 scrolls of magic mapping
 P - 6 scrolls of identify
Potions
 d - 4 potions of magic
 e - 4 potions of berserk rage
 l - a potion of curing
 w - 3 potions of brilliance
 A - 3 potions of invisibility
 B - 2 potions of lignification
 E - 4 potions of ambrosia
 H - a potion of resistance
 R - a potion of attraction
Miscellaneous
 b - a lightning rod (4/4)
 k - a phial of floods
 Z - a tin of tremorstones (1/2)


   Skills:
 + Level 12.0 Fighting
 + Level 10.1 Short Blades
 + Level 10.1 Long Blades
 + Level 10.1 Axes
 + Level 10.1 Maces & Flails
 + Level 11.1 Polearms
 + Level 10.1 Staves
 + Level 10.1 Slings
 + Level 10.1 Bows
 + Level 10.1 Crossbows
 + Level 10.1 Throwing
 + Level 12.0 Armour
 + Level 10.1 Dodging
 + Level 10.1 Stealth
 + Level 12.0 Shields
 + Level 10.1 Unarmed Combat
 + Level 10.1 Spellcasting
 + Level 8.5 Conjurations
 + Level 8.5 Hexes
 + Level 8.5 Summonings
 + Level 8.5 Necromancy
 + Level 8.5 Translocations
 + Level 8.5 Transmutations
 + Level 8.5 Fire Magic
 + Level 8.5 Ice Magic
 + Level 8.5 Air Magic
 + Level 8.5 Earth Magic
 + Level 8.5 Poison Magic
 + Level 11.0 Invocations
 + Level 10.1 Evocations


You had 13 spell levels left.
You knew the following spells:

 Your Spells              Type           Power      Damage    Failure   Level
a - Apportation           Tloc           100%       N/A       1%          1
b - Summon Guardian Gole  Hex/Summ       53%        N/A       2%          3
c - Teleport Other        Tloc           53%        N/A       2%          3
d - Lightning Bolt        Conj/Air       26%        1d42      26%         5
e - Summon Lightning Spi  Summ/Air       53%        N/A       10%         4
f - Fireball              Conj/Fire      26%        3d12      26%         5

Your spell library contained the following spells:

 Spells                   Type           Power      Damage    Failure   Level
 Necrotize                Necr           100%       1d9       1%          1
 Summon Small Mammal      Summ           100%       N/A       1%          1
 Sublimation of Blood     Necr           53%        N/A       1%          2
 Gell's Gravitas          Tloc           53%        N/A       2%          3
 Airstrike                Air            26%        N/A       10%         4
 Petrify                  Tmut/Erth      53%        N/A       10%         4
 Irradiate                Conj/Tmut      26%        3d22      26%         5
 Dispersal                Tloc           26%        N/A       82%         6
 Starburst                Conj/Fire      26%        6d8       82%         6
 Orb of Destruction       Conj           26%        9d9       100%        7
 Spellforged Servitor     Conj/Summ      26%        N/A       100%        7
 Ignition                 Fire           26%        3d9       100%        8


Dungeon Overview and Level Annotations

Branches:
Dungeon (11/15)            Temple (1/1) D:4            Lair (3/6) D:8
 Shoals (1/4) Lair:2        Snake (3/4) Lair:2          Orc (2/2) D:11
    Elf (0/3) Orc:2         Sewer (visited)         Ossuary (visited)
  IceCv (visited)

Altars:
Ashenzari
Cheibriados
Dithmenos
Elyvilon
Fedhas
Gozag
Hepliaklqana
Kikubaaqudgha
Makhleb
Nemelex Xobeh
Okawaru
Qazlal
Ru
Sif Muna
Trog
Uskayaw
Vehumet
Wu Jian
Xom
Yredelemnul
Zin
The Shining One

Shops:
D:8 [   D:10 !   Orc:2 ((?=   Snake:2 (*=[*

Annotations:
Snake:3 Nikola, Vashnia


Innate Abilities, Weirdness & Mutations

You have very sharp teeth.
Your uncanny sense of smell can sniff out nearby items.
Your experience applies equally to all skills.
You are very weak. (Str -4)


Message History

Nikola blinks!
You barely miss Aizul. You bite Aizul, but do no damage.
Aizul is heavily wounded.
You feel very sick. Aizul closely misses you.
Nikola casts a spell.
Lightning arcs from Nikola's hands!
The bolt of lightning hits Vashnia!!!
The bolt of lightning hits Aizul!!!
The bolt of lightning hits Nikola!
The bolt of lightning hits you!! You resist.
You hear a shout! x3
You feel better.
Aizul coils herself and waves her upper body at you.
You barely resist. You puncture Aizul! You freeze Aizul.
You bite Aizul, but do no damage.
Aizul is almost dead.
You block Aizul's attack.
You puncture Aizul! You freeze Aizul.
You kill Aizul!
Cheibriados thoroughly appreciates the change of pace.
Reach: g) +7 spear "Acuor" {freeze, Fragile rCorr Str+8 Int-5}
Press: ? - help, Dir - move target
Okay, then.
As you read the scroll of fear, it crumbles to dust.
You assume a fearsome visage.
Vashnia easily resists.
Nikola resists with almost no effort.
Nikola mumbles some strange words.
Lightning arcs from Nikola's hands!
The bolt of lightning hits you!!! You resist.
* * * LOW HITPOINT WARNING * * *
A bolt of lightning appears from out of thin air!
The bolt of lightning hits Nikola.
The bolt of lightning hits Vashnia!!!
Vashnia gestures wildly while chanting.
Vashnia blinks!
You hear a shout! x4; You hear an angry hiss.
You hear a shout!
As you read the scroll of fog, it crumbles to dust.
The scroll dissolves into smoke.
Nikola gestures wildly while chanting.
Lightning arcs from Nikola's hands!
The bolt of lightning hits you!! You resist.
You die...

...... ....N. @.....
#...... ##..... #######
#######.§..########.....##
#........###....[.........
........##§...............
........#@§§######........
......§.§§§..# ##.......
.......§§@§§.# ####....
.............# ######...
...........)## ##........
............#####.........
......>..........)...#####
...................####..)
..................##...).


You could see Nikola.

Vanquished Creatures
  A nagaraja (Snake:1)
  The ghost of Yeil the Carver, a journeyman DjFE of Ashenzari (Orc:1)
  Aizul (Snake:3)
  Azrael (Orc:2)
  The ghost of jlumianski the Cleaver, a journeyman GrFi of Qazlal (Orc:1)
  A boulder beetle (D:11)
  6 anacondas
  4 two-headed ogres
  3 naga warriors
  4 orc high priests (Orc:2)
  6 naga sharpshooters
  6 shock serpents
  Amaemon (Lair:2)
  A salamander mystic (Snake:2)
  A sea snake (Shoals:1)
  3 naga ritualists
  Pikel (D:5)
  An orc knight (Orc:1)
  6 mana vipers
  2 ugly things
  4 orc sorcerers
  8 salamanders
  2 fauns (Lair:2)
  A manticore (D:11)
  25 black mambas
  A guardian serpent (Snake:1)
  7 naga magi
  An orange demon (Lair:2)
  A rime drake (Lair:1)
  9 komodo dragons
  6 cane toads
  An unseen horror (D:11)
  A kobold demonologist (D:9)
  10 trolls
  A wind drake (Lair:2)
  5 dream sheep (Lair:2)
  2 hornets
  4 blink frogs (Lair:3)
  2 shadows (D:10)
  3 basilisks
  2 wyverns
  25 yaks
  A vampire (D:10)
  4 fire elementals (Orc:2)
  3 vampire mosquitoes (D:11)
  5 steam dragons
  28 nagas
  Menkaure (D:7)
  2 wargs (Orc:1)
  An acid dragon (D:10)
  5 water moccasins
  19 orc warriors
  2 ice beasts
  2 sky beasts (D:7)
  4 ogres (Orc:1)
  9 black bears
  8 wolves
  3 centaurs
  2 phantoms (D:5)
  A lemure (D:5)
  2 elf zombies (Ossuary)
  2 kobold brigands (Sewer)
  8 bullfrogs
  2 scorpions
  13 wights
  10 killer bees
  A howler monkey (D:8)
  3 electric eels
  A centaur zombie (Ossuary)
  9 hounds
  3 human zombies (Ossuary)
  2 jellies
  Crazy Yiuf (D:2)
  27 orc priests
  2 gnoll shamans
  5 iguanas
  Ijyb (D:4)
  Natasha (thrice) (D:3)
  24 orc wizards
  A wolf simulacrum (IceCv)
  2 mummies (Ossuary)
  11 gnolls
  16 adders
  3 river rats
  2 ufetubi
  An adder zombie (Ossuary)
  A worm (D:3)
  3 dart slugs
  68 orcs
  18 bats
  10 endoplasms
  5 giant cockroaches
  5 goblins
  4 hobgoblins
  7 jackals
  7 quokkas
  15 ball pythons
  11 frilled lizards
  2 goblin zombies (Ossuary)
  7 hobgoblin zombies (Ossuary)
  A jackal zombie (Ossuary)
  10 kobolds
  9 kobold zombies (Ossuary)
  11 orc zombies (Ossuary)
  10 rats
  2 rat zombies (D:4)
633 creatures vanquished.

Vanquished Creatures (collateral kills)
  A naga warrior (Snake:1)
  2 ugly things (IceCv)
  A naga mage (Snake:3)
  A guardian serpent (Snake:3)
  2 ice statues (IceCv)
  A harpy simulacrum (IceCv)
  2 nagas (Snake:3)
  A polar bear simulacrum (IceCv)
11 creatures vanquished.

Vanquished Creatures (others)
  An orc wizard (D:9)
  An orc (Orc:1)
  6 ball lightnings (Orc:1)
  4 fungi
  11 plants
  4 toadstools (D:1)
27 creatures vanquished.

Grand Total: 671 creatures vanquished

Notes
Turn   | Place    | Note
-------+----------+-------------------------------------------
     0 | D:1      | MechDurjaeses the Gnoll Fighter began the quest for the
                  | Orb.
     0 | D:1      | Reached XP level 1. HP: 23/23 MP: 1/1
   122 | D:1      | Reached XP level 2. HP: 29/29 MP: 2/2
   422 | D:1      | Found a faded altar of an unknown god.
   439 | D:1      | Reached XP level 3. HP: 35/35 MP: 3/3
   621 | D:1      | Reached skill level 1 in Invocations
   818 | D:2      | Reached skill level 1 in Short Blades
   818 | D:2      | Reached skill level 1 in Long Blades
   818 | D:2      | Reached skill level 1 in Axes
   818 | D:2      | Reached skill level 1 in Maces & Flails
   818 | D:2      | Reached skill level 1 in Staves
   818 | D:2      | Reached skill level 1 in Slings
   818 | D:2      | Reached skill level 1 in Bows
   818 | D:2      | Reached skill level 1 in Crossbows
   818 | D:2      | Reached skill level 1 in Throwing
   818 | D:2      | Reached skill level 1 in Dodging
   818 | D:2      | Reached skill level 1 in Stealth
   818 | D:2      | Reached skill level 1 in Unarmed Combat
   818 | D:2      | Reached skill level 1 in Spellcasting
   818 | D:2      | Reached skill level 1 in Evocations
   861 | D:2      | Reached XP level 4. HP: 41/41 MP: 5/5
   876 | D:2      | Noticed a scorpion
   932 | D:2      | Killed a scorpion
   933 | D:2      | Reached skill level 1 in Conjurations
   933 | D:2      | Reached skill level 1 in Hexes
   933 | D:2      | Reached skill level 1 in Summonings
   933 | D:2      | Reached skill level 1 in Necromancy
   933 | D:2      | Reached skill level 1 in Translocations
   933 | D:2      | Reached skill level 1 in Transmutations
   933 | D:2      | Reached skill level 1 in Fire Magic
   933 | D:2      | Reached skill level 1 in Ice Magic
   933 | D:2      | Reached skill level 1 in Air Magic
   933 | D:2      | Reached skill level 1 in Earth Magic
   933 | D:2      | Reached skill level 1 in Poison Magic
   933 | D:2      | Reached XP level 5. HP: 24/47 MP: 4/7
  1340 | D:2      | Found a runed translucent door.
  1341 | D:2      | Noticed Crazy Yiuf
  1351 | D:2      | Killed Crazy Yiuf
  1578 | D:3      | Noticed Natasha
  1615 | D:3      | Identified the +7 spear "Acuor" {freeze, Fragile rCorr
                  | Str+8 Int-5}
  1676 | D:3      | Found a glowing drain.
  1682 | Sewer    | Entered a sewer
  1925 | Sewer    | Noticed a kobold brigand
  1936 | Sewer    | Reached XP level 6. HP: 51/53 MP: 8/8
  2026 | Sewer    | Reached skill level 5 in Polearms
  2388 | D:3      | Killed Natasha
  2405 | D:3      | Noticed Natasha
  2419 | D:3      | Killed Natasha
  2510 | D:3      | Reached XP level 7. HP: 59/59 MP: 10/10
  2531 | D:3      | Found a snail-covered altar of Cheibriados.
  2783 | D:3      | Noticed Natasha
  2792 | D:3      | Killed Natasha
  2803 | D:3      | Became a worshipper of Cheibriados the Contemplative
  3125 | D:4      | Found an opulent altar of Gozag.
  3239 | D:4      | Noticed Ijyb
  3240 | D:4      | Reached * piety under Cheibriados
  3246 | D:4      | Killed Ijyb
  3298 | D:4      | Found a sand-covered staircase.
  3306 | Ossuary  | Entered an ossuary
  3445 | Ossuary  | Reached ** piety under Cheibriados
  3579 | Ossuary  | Reached XP level 8. HP: 67/67 MP: 12/12
  3713 | D:4      | Found a staircase to the Ecumenical Temple.
  3727 | Temple   | Entered the Ecumenical Temple
  4287 | D:4      | Reached *** piety under Cheibriados
  4495 | D:5      | Entered Level 5 of the Dungeon
  4775 | D:5      | Learned a level 1 spell: Apportation
  4847 | D:5      | Noticed Pikel
  4856 | D:5      | Killed Pikel
  4887 | D:5      | Reached XP level 9. HP: 69/72 MP: 12/14
  6296 | D:7      | Reached **** piety under Cheibriados
  6297 | D:7      | Reached skill level 5 in Invocations
  6359 | D:7      | Noticed Menkaure
  6375 | D:7      | Killed Menkaure
  6895 | D:8      | Noticed a hornet
  6907 | D:8      | Killed a hornet
  6908 | D:8      | Reached XP level 10. HP: 75/80 MP: 15/17
  6997 | D:8      | Reached skill level 5 in Short Blades
  6997 | D:8      | Reached skill level 5 in Long Blades
  6997 | D:8      | Reached skill level 5 in Axes
  6997 | D:8      | Reached skill level 5 in Maces & Flails
  6997 | D:8      | Reached skill level 5 in Staves
  6997 | D:8      | Reached skill level 5 in Slings
  6997 | D:8      | Reached skill level 5 in Bows
  6997 | D:8      | Reached skill level 5 in Crossbows
  6997 | D:8      | Reached skill level 5 in Throwing
  6997 | D:8      | Reached skill level 5 in Dodging
  6997 | D:8      | Reached skill level 5 in Stealth
  6997 | D:8      | Reached skill level 5 in Unarmed Combat
  6997 | D:8      | Reached skill level 5 in Spellcasting
  6997 | D:8      | Reached skill level 5 in Evocations
  7072 | D:8      | Found a sacrificial altar of Ru.
  7200 | D:8      | Noticed a purple ugly thing
  7218 | D:8      | Killed a purple ugly thing
  7486 | D:8      | Reached ***** piety under Cheibriados
  7756 | D:8      | Found a staircase to the Lair.
  7865 | D:8      | Found Ucsoer's Antique Armour Shoppe.
  8151 | D:8      | Found a shadowy altar of Dithmenos.
  8151 | D:8      | Found a radiant altar of Vehumet.
  8226 | D:9      | Noticed a brown ugly thing
  8243 | D:9      | Killed a brown ugly thing
  8338 | D:9      | Reached XP level 11. HP: 82/87 MP: 17/19
  8438 | D:9      | Noticed a +0 spear
  8439 | D:9      | Noticed a +0 falchion
  8439 | D:9      | Noticed a +0 falchion
  8439 | D:9      | Noticed a +0 dagger
  8439 | D:9      | Noticed a +0 short sword
  8439 | D:9      | Noticed a +0 spear
  8440 | D:9      | Noticed a +0 short sword
  8440 | D:9      | Noticed a +0 dagger
  8446 | D:9      | Found a hide-covered altar of Uskayaw.
  8704 | D:9      | Noticed a two-headed ogre
  8746 | D:9      | Killed a two-headed ogre
  8747 | D:9      | Reached skill level 5 in Conjurations
  8747 | D:9      | Reached skill level 5 in Hexes
  8747 | D:9      | Reached skill level 5 in Summonings
  8747 | D:9      | Reached skill level 5 in Necromancy
  8747 | D:9      | Reached skill level 5 in Translocations
  8747 | D:9      | Reached skill level 5 in Transmutations
  8747 | D:9      | Reached skill level 5 in Fire Magic
  8747 | D:9      | Reached skill level 5 in Ice Magic
  8747 | D:9      | Reached skill level 5 in Air Magic
  8747 | D:9      | Reached skill level 5 in Earth Magic
  8747 | D:9      | Reached skill level 5 in Poison Magic
  9257 | D:10     | Entered Level 10 of the Dungeon
  9257 | D:10     | Found Jec Quesm's Distillery.
  9266 | D:10     | Bought a potion of mutation for 112 gold pieces
  9266 | D:10     | Bought a potion of heal wounds for 70 gold pieces
  9266 | D:10     | Bought a potion of heal wounds for 70 gold pieces
  9266 | D:10     | Gained mutation: Armour fits poorly on your strangely
                  | shaped body. [potion of mutation]
  9266 | D:10     | Gained mutation: Potions are less effective at restoring
                  | your health. [potion of mutation]
  9266 | D:10     | Gained mutation: Your system is resistant to poisons.
                  | (rPois) [potion of mutation]
  9267 | D:10     | Lost mutation: Armour fits poorly on your strangely shaped
                  | body. [potion of mutation]
  9267 | D:10     | Lost mutation: Potions are less effective at restoring your
                  | health. [potion of mutation]
  9267 | D:10     | Lost mutation: Your system is resistant to poisons. (rPois)
                  | [potion of mutation]
  9267 | D:10     | Gained mutation: You are weak. (Str -2) [potion of
                  | mutation]
  9267 | D:10     | Gained mutation: You are very weak. (Str -4) [potion of
                  | mutation]
  9485 | D:10     | Noticed a two-headed ogre
  9507 | D:10     | Killed a two-headed ogre
 10313 | D:11     | Noticed a manticore
 10326 | D:11     | Killed a manticore
 10341 | D:11     | Found a frozen archway.
 10350 | IceCv    | Entered an ice cave
 10350 | IceCv    | Noticed a white ugly thing
 10358 | IceCv    | Killed a white ugly thing
 10363 | IceCv    | Found a transporter.
 10367 | IceCv    | Noticed a white ugly thing
 10370 | IceCv    | Found a transporter.
 10524 | IceCv    | Killed a white ugly thing
 10710 | D:11     | Found a staircase to the Orcish Mines.
 10862 | D:11     | Noticed a boulder beetle
 10903 | D:11     | Killed a boulder beetle
 10904 | D:11     | Reached XP level 12. HP: 36/96 MP: 5/22
 11002 | D:11     | Learned a level 3 spell: Summon Guardian Golem
 11006 | D:11     | Learned a level 3 spell: Teleport Other
 11689 | Lair:1   | Entered Level 1 of the Lair of Beasts
 12652 | Lair:1   | Reached ****** piety under Cheibriados
 12901 | Lair:2   | Noticed Amaemon
 12921 | Lair:2   | Killed Amaemon
 13154 | Lair:2   | Reached skill level 10 in Fighting
 13154 | Lair:2   | Reached skill level 10 in Armour
 13154 | Lair:2   | Reached skill level 10 in Shields
 13418 | Lair:2   | Found a staircase to the Snake Pit.
 13976 | Lair:2   | Identified a scroll of acquirement
 13976 | Lair:2   | Acquired the +15 Maxwell's patent armour {-Cast -Tele rElec
                  | Will+ rCorr}
 13976 | Lair:2   | Found the +15 Maxwell's patent armour {-Cast -Tele rElec
                  | Will+ rCorr}
 14399 | Lair:2   | Found a staircase to the Shoals.
 14517 | Shoals:1 | Entered Level 1 of the Shoals
 14517 | Shoals:1 | Noticed a merfolk impaler
 14549 | Lair:2   | Reached XP level 13. HP: 88/103 MP: 21/24
 15411 | Lair:3   | Identified the ring of Disaster {rF+ Slay+4}
 16103 | Orc:1    | Entered Level 1 of the Orcish Mines
 16191 | Orc:2    | Entered Level 2 of the Orcish Mines
 16191 | Orc:2    | Noticed Azrael
 16227 | Orc:2    | Killed Azrael
 16780 | Orc:2    | Paralysed by an orc sorcerer for 5 turns
 17175 | Orc:2    | Found Taobeac's Weapon Emporium.
 17175 | Orc:2    | Found Fifroaqo's Weapon Emporium.
 17176 | Orc:2    | Found Ronkypp's Jewellery Shoppe.
 17180 | Orc:2    | Found Qasiwnut's Magic Scroll Shoppe.
 17438 | Orc:2    | Found a staircase to the Elven Halls.
 18022 | Orc:1    | Reached skill level 10 in Polearms
 18024 | Orc:1    | Reached XP level 14. HP: 74/113 MP: 18/26
 18282 | Orc:1    | Found a runed translucent gate.
 18282 | Orc:1    | Found a runed translucent gate.
 18282 | Orc:1    | Found a runed translucent gate.
 18561 | Orc:1    | Noticed Yeil's ghost (journeyman DjFE)
 18561 | Orc:1    | Noticed jlumianski's ghost (journeyman GrFi)
 18575 | Orc:1    | Killed Yeil's ghost
 18587 | Orc:1    | Killed jlumianski's ghost
 18949 | Orc:2    | Bought the ring "Weoceizi" {Fly rC+ rN+++ rCorr Str-2} for
                  | 634 gold pieces
 19168 | Snake:1  | Entered Level 1 of the Snake Pit
 19771 | Snake:1  | Reached skill level 10 in Invocations
 19959 | Snake:1  | Noticed a nagaraja
 20584 | Snake:1  | Learned a level 5 spell: Lightning Bolt
 20589 | Snake:1  | Learned a level 4 spell: Summon Lightning Spire
 21521 | Snake:1  | Killed a nagaraja
 22830 | Snake:2  | Reached XP level 15. HP: 60/120 MP: 10/28
 23060 | Snake:2  | Found Rilong's Weapon Boutique.
 23588 | Snake:2  | Found an opulent altar of Gozag.
 23800 | Snake:2  | Found Muar's Armour Emporium.
 23800 | Snake:2  | Found Qokhlut's Assorted Antiques.
 23884 | Snake:2  | Found Coabof's Jewellery Emporium.
 23897 | Snake:2  | Bought a +1 helmet of intelligence for 198 gold pieces
 23898 | Snake:2  | Found Ajinluus's General Store.
 23921 | Snake:2  | Bought a +1 pair of boots of stealth for 198 gold pieces
 24778 | Snake:3  | Reached skill level 10 in Short Blades
 24778 | Snake:3  | Reached skill level 10 in Long Blades
 24778 | Snake:3  | Reached skill level 10 in Axes
 24778 | Snake:3  | Reached skill level 10 in Maces & Flails
 24778 | Snake:3  | Reached skill level 10 in Staves
 24778 | Snake:3  | Reached skill level 10 in Slings
 24778 | Snake:3  | Reached skill level 10 in Bows
 24778 | Snake:3  | Reached skill level 10 in Crossbows
 24778 | Snake:3  | Reached skill level 10 in Throwing
 24778 | Snake:3  | Reached skill level 10 in Dodging
 24778 | Snake:3  | Reached skill level 10 in Stealth
 24778 | Snake:3  | Reached skill level 10 in Unarmed Combat
 24778 | Snake:3  | Reached skill level 10 in Spellcasting
 24778 | Snake:3  | Reached skill level 10 in Evocations
 24788 | Snake:3  | Identified the +3 great mace of Excruciating Pain {venom,
                  | Str+3 Int+3}
 25445 | Snake:3  | Learned a level 5 spell: Fireball
 25486 | Snake:3  | Noticed Nikola
 25486 | Snake:3  | Noticed Aizul
 25501 | Snake:3  | Noticed Vashnia
 25508 | Snake:3  | Killed Aizul
 25510 | Snake:3  | Killed from afar by Nikola

Illustrated notes

Levels and vault maps discovered:
D:1:      ldierk_walled_garden_2, layout_basic,
          chequers_ecumenical_altar_twisty, minmay_tetromino_t4
D:2:      layout_basic, uniq_crazy_yiuf_cottage
D:3:      layout_basic, kennysheep_slug_shrine, gup_sewer_entry_bubbles,
          hangedman_decor_growths, uniq_natasha
D:4:      layout_loops_ring, grunt_gozag_breadcrumbs,
          minmay_temple_entry_statues_pillars, enter_ossuary_4,
          minmay_snake_closets, uniq_ijyb
D:5:      layout_gridville, uniq_pikel
D:6:      layout_cave_pools
D:7:      layout_rooms, corexii_corridor_pit, minmay_misc_feat_enclosed,
          uniq_menkaure
D:8:      layout_basic, hangedman_ru_absence, gammafunk_temple_overflow_statue,
          erik_lair_island, serial_shops, nicolae_inconvenience_store
D:9:      layout_long_grid, nicolae_uskayaw_en_pointe
D:10:     layout_loops_ring, serial_shops, nicolae_shop_hallway_stairs
D:11:     cheibrodos_helix_gallery, layout_grid_maze,
          portal_ice_cave_entry_pillars_1, kennysheep_generic_room_12
Temple:   eino_temple_scatter_basement
Lair:1:   layout_loops_ring, serial_rivers, chequers_serial_rivers_small_3,
          chequers_serial_rivers_large_a, chequers_serial_rivers_micro_e,
          chequers_serial_rivers_marsh, chequers_serial_rivers_marsh,
          chequers_serial_rivers_room_a, minmay_stone_trees_medium
Lair:2:   layout_chaotic_city, elwin_shoals_entry_rooms,
          guppyfry_snake_entry_island, roderic_batcave, beast_lair_carwin_9,
          uniq_amaemon
Lair:3:   layout_small_grid, beast_lair_carwin_10
Shoals:1: layout_shoals
Snake:1:  layout_chambers, grunt_megastairs_4
Snake:2:  layout_grid_shapes, basic_altar, serial_shops, shop_fountains,
          nicolae_snake_serpentine_bazaar, grunt_megastairs_5, lemuel_fruit_tree
Snake:3:  layout_onion, nicolae_snake_storage_room, uniq_vashnia, uniq_nikola,
          uniq_aizul
Orc:1:    layout_diamond_mine, gammafunk_ghost_cemetery, mines_bat_river
Orc:2:    st_orc_mages, layout_caves, uniq_azrael

Skill      XL: |  1  2  3  4  5  6  7  8  9 10 11 12 13 14 15 |
---------------+----------------------------------------------+-----
Invocations    | 1 2 3 4 5 6 7 8 9 10 11 | 11.0
Short Blades   | 1 2 3 4 5 6 7 8 9 10 | 10.1
Long Blades    | 1 2 3 4 5 6 7 8 9 10 | 10.1
Axes           | 1 2 3 4 5 6 7 8 9 10 | 10.1
Maces & Flails | 1 2 3 4 5 6 7 8 9 10 | 10.1
Staves         | 1 2 3 4 5 6 7 8 9 10 | 10.1
Slings         | 1 2 3 4 5 6 7 8 9 10 | 10.1
Bows           | 1 2 3 4 5 6 7 8 9 10 | 10.1
Crossbows      | 1 2 3 4 5 6 7 8 9 10 | 10.1
Throwing       | 1 2 3 4 5 6 7 8 9 10 | 10.1
Dodging        | 1 2 3 4 5 6 7 8 9 10 | 10.1
Stealth        | 1 2 3 4 5 6 7 8 9 10 | 10.1
Unarmed Combat | 1 2 3 4 5 6 7 8 9 10 | 10.1
Spellcasting   | 1 2 3 4 5 6 7 8 9 10 | 10.1
Evocations     | 1 2 3 4 5 6 7 8 9 10 | 10.1
Conjurations   | 1 2 3 4 5 6 7 8 |  8.5
Hexes          | 1 2 3 4 5 6 7 8 |  8.5
Summonings     | 1 2 3 4 5 6 7 8 |  8.5
Necromancy     | 1 2 3 4 5 6 7 8 |  8.5
Translocations | 1 2 3 4 5 6 7 8 |  8.5
Transmutations | 1 2 3 4 5 6 7 8 |  8.5
Fire Magic     | 1 2 3 4 5 6 7 8 |  8.5
Ice Magic      | 1 2 3 4 5 6 7 8 |  8.5
Air Magic      | 1 2 3 4 5 6 7 8 |  8.5
Earth Magic    | 1 2 3 4 5 6 7 8 |  8.5
Poison Magic   | 1 2 3 4 5 6 7 8 |  8.5
Polearms       | 5 6 7 8 9 10 11 | 11.1
Fighting       | 7 8 9 10 11 12 | 12.0
Armour         | 7 8 9 10 11 12 | 12.0
Shields        | 7 8 9 10 11 12 | 12.0

Action                   |  1- 3 |  4- 6 |  7- 9 | 10-12 | 13-15 || total
-------------------------+-------+-------+-------+-------+-------++-------
Melee: Trident           |   105 |    14 |       |       |       ||   119
       Bite              |    11 |    10 |    37 |    90 |   125 ||   273
       Staff             |       |    20 |       |       |       ||    20
       Spear             |       |    94 |   412 |   663 |   941 ||  2110
       Mace              |       |    23 |       |       |       ||    23
Throw: Dart              |       |       |       |     4 |     1 ||     5
       Throwing net      |       |       |       |       |     3 ||     3
 Cast: Summon Guardian G |       |       |       |     1 |       ||     1
       Lightning Bolt    |       |       |       |       |    13 ||    13
       Summon Lightning  |       |       |       |       |    13 ||    13
Invok: Slouch            |       |       |       |     1 |     5 ||     6
       Step From Time    |       |       |       |       |     2 ||     2
       Bend Time         |       |       |       |       |     1 ||     1
Evoke: Wand              |       |       |       |     7 |    24 ||    31
       Lightning rod     |       |       |       |       |     4 ||     4
       Phial of floods   |       |       |       |       |     1 ||     1
       Tin of tremorston |       |       |       |       |     1 ||     1
  Use: Scroll            |     2 |     8 |    13 |    10 |    15 ||    48
       Potion            |       |     2 |     4 |     8 |    13 ||    27
 Stab: Invisible         |       |       |       |       |     4 ||     4
       Sleeping          |       |       |       |       |     7 ||     7
       Distracted        |       |       |       |       |     6 ||     6
       Held in net/web   |       |       |       |       |     2 ||     2
Armor: Scale mail        |    27 |    22 |       |       |       ||    49
       Plate armour      |       |       |   124 |   231 |   244 ||   599
       Swamp dragon scal |       |       |       |       |    78 ||    78
Dodge: Dodged            |    36 |    35 |    64 |   273 |   496 ||   904
       Repelled          |       |       |       |       |     4 ||     4
Block: Buckler           |    22 |    18 |    52 |   202 |   272 ||   566
       Tower shield      |       |       |       |       |   214 ||   214

Table legend: (Time is in decaauts)
 A = Elapsed time spent in this place.
 B = Non-inter-level travel time spent in this place.
 C = Inter-level travel time spent in this place.
 D = Time resting spent in this place.
 E = Time spent auto-exploring this place.
 F = Levels seen in this place.
 G = Mean time per level.
                   A        B        C        D        E       F      G
               +--------+--------+--------+--------+--------+-----+--------+
         Total |  34938 |  32049 |   2889 |   3831 |  23187 |  24 | 1455.8 |
       Dungeon |  14479 |  12944 |   1535 |    254 |  10729 |  11 | 1316.3 |
        Temple |    218 |    193 |     25 |      0 |    170 |   1 |  218.0 |
          Lair |   7074 |   6564 |    510 |   1057 |   4861 |   3 | 2358.0 |
        Shoals |     26 |     26 |      0 |      0 |      0 |   1 |   26.0 |
     Snake Pit |   8021 |   7654 |    367 |   1787 |   4593 |   3 | 2673.7 |
  Orcish Mines |   3883 |   3432 |    451 |    592 |   2198 |   2 | 1941.5 |
         Sewer |    634 |    634 |      0 |      0 |    454 |   1 |  634.0 |
       Ossuary |    352 |    352 |      0 |      0 |    180 |   1 |  352.0 |
      Ice Cave |    246 |    246 |      0 |    140 |      0 |   1 |  246.0 |
               +--------+--------+--------+--------+--------+-----+--------+

Top non-repeatable levels by time:
 Snake:1: 4067 daAuts
  Lair:2: 3367 daAuts
 Snake:2: 2149 daAuts
  Lair:1: 2049 daAuts
   Orc:2: 1977 daAuts
   Orc:1: 1906 daAuts
     D:8: 1902 daAuts
    D:11: 1813 daAuts
 Snake:3: 1804 daAuts
    D:10: 1782 daAuts
     D:9: 1754 daAuts
  Lair:3: 1657 daAuts
     D:5: 1389 daAuts
     D:4: 1372 daAuts
     D:6: 1061 daAuts
